Map: Dead of Night

Players

monk

  • Race: Terran Terran
  • Spawn Location: 0:00

sTkmonk

  • Race: Terran Terran
  • Spawn Location: 0:00

VOD

Have the link to the VOD?

Description

Time

  • Played on: July 14, 2017, 6:42 p.m.
  • Length: 19:30
Show
View Real Time Build Order
Export as new Build Order

monk Terran 

Build Orders:  

Get SALT Encoding   

  12  0:03  SCV  
  13  0:20  SCV  
  13  0:26  Refinery  
  14  0:37  SCV  
  15  0:49  Refinery  
  15  0:53  SCV  
  16  1:03  Refinery  
  16  1:10  SCV  
  17  1:27  SCV  
  18  1:32  Barracks  
  18  1:44  SCV  
  19  2:01  SCV  
  20  2:18  SCV  
  21  2:21  Engineering Bay  
  21  2:35  SCV  
  21  2:39  Barracks Tech Lab  
  22  2:40  Factory  
  22  2:52  SCV  
  22  2:56  Terran Infantry Weapons Level 1  
  23  3:07  Super Stimpack  
  23  3:12  SCV  
  24  3:29  SCV  
  25  3:42  Starport  
  25  3:45  SCV  
  25  3:48  Armory  
  26  3:52  Laser Targeting System  
  26  4:02  SCV  
  26  4:08  Elite Marine  
  31  4:19  SCV  
  32  4:36  SCV  
  33  4:57  Factory Tech Lab  
  33  5:29  Infernal Pre-Igniter  
  33  5:44  Jump Jet Assault  
  33  6:03  Raid Liberator  
  39  6:17  Terran Infantry Weapons Level 2  
  39  6:54  Raid Artillery  
  39  6:56  Ghost Visor  
  39  7:19  Hellbat Rangers  
  43  7:24  Smart Servos  
  43  7:42  Elite Marine  
  43  7:43  Hellbat Rangers  
  50  8:36  Railgun Turret  
  50  8:40  Railgun Turret  
  50  8:42  Railgun Turret  
  50  9:45  Railgun Turret  
  50  9:48  Railgun Turret  
  50  9:50  Raid Liberator  
  56  10:01  Suppression Shells  
  56  10:44  Railgun Turret x2, Terran Infantry Weapons Level 3  
  56  11:32  Railgun Turret  
  56  11:34  Railgun Turret  
  56  11:47  Suppression Shells  
  56  12:17  Triple Tap  
  56  12:37  Spec Ops Ghost  
  60  12:53  Elite Marine  
  64  13:11  Hellbat Rangers  
  64  13:19  Defensive Drone  
  68  13:37  Terran Vehicle and Ship Weapons Level 1  
  68  13:57  Defensive Drone  
  68  14:39  Defensive Drone  
  67  14:44  Spec Ops Ghost  
  70  15:22  Hellbat Rangers x3  
  82  15:49  Defensive Drone  
  80  16:26  Defensive Drone  
  80  16:43  Covert Banshee  
  82  17:45  Covert Banshee  
  82  17:47  Elite Marine, Defensive Drone  
  89  18:34  Griffin Airstrike  
Show
View Real Time Build Order
Export as new Build Order

sTkmonk Terran 

Build Orders:  

Get SALT Encoding   

Tags
 
Commander
NovaRaynor
Matchup
Co-op
Replay Pack
Co-op Speedrun
Add a new tag
Caveats
  • Supply blocks, unpowered buildings, or Contaminate may cause inaccurate times.
  • Supply counts are checked every 10 seconds.